 Dungeon Crawl Stone Soup version 0.31.0-11-ge490571c62 (webtiles) character file.

Game seed: 1097610426084718190

155 qw the Skirmisher (level 5, -3/29 HPs)
             Began as a Deep Elf Hunter on Feb 3, 2024.
             Incinerated by a bombardier beetle (5 damage)
             ... with a burning spray
             ... on level 3 of the Dungeon.
             The game lasted 00:00:07 (1874 turns).

qw the Skirmisher (Deep Elf Hunter)                 Turns: 1874, Time: 00:00:08

Health: -3/29      AC:  5    Str: 10    XL:     5   Next: 14%
Magic:  7/7        EV: 11    Int: 14    God:
Gold:   149        SH:  0    Dex: 18    Spells: 4/4 levels left

rFire   . . .        a - +0 shortbow
rCold   . . .        (shield currently unavailable)
rNeg    . . .        k - +0 ring mail
rPois   +            (no helmet)
rElec   .            (no cloak)
rCorr   .            (no gloves)
SInv    .            (no boots)
Will    .....        (no amulet)
Stlth   +            e - ring of poison resistance
HPRegen 0.24/turn    (no ring)
MPRegen 0.10/turn

%: no passive effects
@: on fire, glowing
A: no striking features
a: no special abilities


You were on level 3 of the Dungeon.
You visited 1 branch of the dungeon, and saw 3 of its levels.

You collected 177 gold pieces.
You spent 28 gold pieces at shops.


   Skills:
 - Level 1.5 Fighting
 + Level 8.6 Ranged Weapons
 - Level 2.4 Dodging
 - Level 1.2 Stealth


You had 4 spell levels left.
You didn't know any spells.
Your spell library was empty.

Inventory:

Hand Weapons
 a - a +0 shortbow (weapon)
Armour
 k - a +0 ring mail (worn)
Jewellery
 c - a ring of protection from cold
 e - a ring of poison resistance (left hand)
Scrolls
 b - 2 scrolls of identify
Potions
 g - a potion of haste

Dungeon Overview and Level Annotations

Branches:
Dungeon (3/15)

Altars:

Shops:
D:2 ?   D:3 :

Annotations:
D:3 1 runed translucent door, Crazy Yiuf


Message History

The bat hits you but does no damage. x2
You shoot an arrow. The arrow closely misses the bat.
The bat barely misses you. The bat hits you but does no damage.
You shoot an arrow. The arrow hits the bat!
You kill the bat!
You see here 4 javelins.
A bombardier beetle comes into view.
You shoot an arrow. The arrow hits the bombardier beetle.
The bombardier beetle is moderately wounded.
You shoot an arrow. The arrow hits the bombardier beetle.
The bombardier beetle is severely wounded.
You shoot an arrow. The arrow hits the bombardier beetle.
The bombardier beetle is severely wounded.
You shoot an arrow.
The arrow barely misses the bombardier beetle.
You shoot an arrow.
The arrow barely misses the bombardier beetle.
You shoot an arrow.
The arrow hits the bombardier beetle but does no damage.
The bombardier beetle is severely wounded.
The bombardier beetle sprays incendiary fluid at you.
The burning spray hits you.
You are covered in liquid fire!
You shoot an arrow. The arrow hits the bombardier beetle.
You kill the bombardier beetle!
The liquid fire burns you!
You have reached level 5!
You are on fire!
The liquid fire burns you!
You are on fire!
The liquid fire burns you!
You are on fire!
The liquid fire burns you!
You are on fire!
The liquid fire burns you!
You are on fire!
The liquid fire burns you!
You are on fire!
The liquid fire burns you!
You die...

#....# #....# .....#
######## ##.### #......#
### ##.# #.####.# ##.##
...# #.####.####...####
####### #.........(...:..#
......# #.##.#...........#
#####.###.......@.#####..#
##........%(.##...#$!?#..#
##.##.###.#####...#)($#..#
##.##.# #.#####?..#)?(#..#
......###.........#####..#
#.......#...........[....#
#.##.##.#................#
#....##.#.......####....##
...........)....# ####.#


There were no monsters in sight!

Vanquished Creatures
  A bombardier beetle (D:3)
  An orc wizard (D:3)
  2 adders (D:2)
  A dart slug (D:2)
  A ribbon worm (D:2)
  5 orcs (D:3)
  6 ball pythons
  9 bats
  6 endoplasms
  2 giant cockroaches (D:2)
  5 hobgoblins
  4 jackals
  5 quokkas (D:1)
  4 frilled lizards
  4 goblins
  4 kobolds
  7 rats
67 creatures vanquished.

Notes
Turn   | Place    | Note
-------+----------+-------------------------------------------
     0 | D:1      | qw the Deep Elf Hunter began the quest for the Orb.
     0 | D:1      | Reached XP level 1. HP: 12/12 MP: 3/3
     0 | D:1      | 0 ||| qw: Version: 0.3-a-157-g843a77d
     0 | D:1      | 0 ||| qw: Game counter: 3797
     0 | D:1      | 0 ||| qw: Melee chars always use a shield: true
     0 | D:1      | 0 ||| qw: God list: Okawaru
     0 | D:1      | 0 ||| qw: Allow faded altars: false
     0 | D:1      | 0 ||| qw: Do Orc after clearing Dungeon:15 true
     0 | D:1      | 0 ||| qw: Do second Lair branch before Depths: true
     0 | D:1      | 0 ||| qw: Lair rune preference: random
     0 | D:1      | 0 ||| qw: Goals: Normal
     0 | D:1      | 0 ||| PLANNING D:1-11
   100 | D:1      | Reached skill level 6 in Ranged Weapons
   100 | D:1      | Reached XP level 2. HP: 16/16 MP: 4/4
   355 | D:1      | Reached XP level 3. HP: 20/20 MP: 5/5
   526 | D:1      | 526 ||| READING scroll labelled VUCVEY UCKUA.
   527 | D:1      | 527 ||| READING scroll labelled MUESSA APHEU.
   528 | D:1      | 528 ||| DRINKING 2 smoky grey potions.
   554 | D:1      | 554 ||| DROPPING scroll of butterflies.
   555 | D:1      | 555 ||| DROPPING potion of lignification.
   562 | D:2      | 562 ||| STAIRDANCE
   749 | D:2      | Reached skill level 7 in Ranged Weapons
   912 | D:2      | Reached XP level 4. HP: 25/25 MP: 6/6
   938 | D:2      | Found The Oracle's Delphic Readings.
   975 | D:2      | 975 ||| BUYING scroll of identify (28 gold).
   975 | D:2      | Bought a scroll of identify for 28 gold pieces
  1078 | D:2      | 1078 ||| UPGRADING to +0 ring mail.
  1088 | D:2      | 1088 ||| DROPPING +0 leather armour.
  1089 | D:2      | 1089 ||| UPGRADING to ring of poison resistance.
  1090 | D:2      | 1090 ||| READING 3 scrolls of identify.
  1090 | D:2      | 1090 ||| IDENTIFYING metallic orange potion
  1091 | D:2      | 1091 ||| READING 2 scrolls of identify.
  1091 | D:2      | 1091 ||| IDENTIFYING sedimented green potion
  1092 | D:2      | 1092 ||| READING scroll of identify.
  1092 | D:2      | 1092 ||| IDENTIFYING bubbling black potion
  1093 | D:2      | 1093 ||| READING scroll labelled RERUSAJEMP.
  1098 | D:2      | 1098 ||| READING scroll labelled BEOPUNGA HAICW.
  1172 | D:2      | 1172 ||| READING scroll labelled ZOIKIU FAKU.
  1173 | D:2      | 1173 ||| DROPPING potion of magic.
  1174 | D:2      | 1174 ||| DROPPING potion of degeneration.
  1226 | D:3      | Found Erereuhio's Book Boutique.
  1478 | D:3      | Found a runed translucent door.
  1479 | D:3      | Noticed Crazy Yiuf
  1599 | D:3      | Reached skill level 8 in Ranged Weapons
  1869 | D:3      | Reached XP level 5. HP: 22/29 MP: 7/7
  1872 | D:3      | HP: 4/29 [burnt (5)]
  1873 | D:3      | HP: 1/29 [burnt (3)]
  1874 | D:3      | Incinerated by a bombardier beetle

Levels and vault maps discovered:
D:1:      ebering_trefoil_3fold, layout_loops_ring, minmay_pentomino_u2
D:2:      layout_rooms, nicolae_nh_oracle_at_delphi
D:3:      layout_loops_cross, serial_shops, shop, due_unseen_surprise,
          uniq_crazy_yiuf_cottage

Skill      XL: |  1  2  3  4 |
---------------+-------------+-----
Ranged Weapons | 6 7 8 |  8.6
Fighting       | |  1.5
Dodging        | |  2.4
Stealth        | |  1.2

Action                     |  1- 3 |  4- 6 || total
---------------------------+-------+-------++-------
   Fire: Shortbow          |   120 |    69 ||   189
    Use: Scroll            |     2 |     6 ||     8
         Potion            |     1 |       ||     1
 Armour: Leather armour    |    22 |       ||    22
         Ring mail         |       |    17 ||    17
  Dodge: Dodged            |    40 |    15 ||    55

Table legend:
 A = Non-vault XP
 B = Vault XP
 C = Vault XP percentage of total XP
 D = Non-vault monster count
 E = Vault monster count
 F = Vault count percentage of total count
                 A         B        C        D         E       F
            +---------+---------+-------+---------+---------+-------
      Total |     215 |       7 |   3.2 |      63 |       4 |   6.0
            +---------+---------+-------+---------+---------+-------
        D:1 |      45 |       4 |   8.2 |      25 |       2 |   7.4
        D:2 |      53 |       3 |   5.4 |      19 |       2 |   9.5
        D:3 |     117 |       0 |   0.0 |      19 |       0 |   0.0
            +---------+---------+-------+---------+---------+-------
